 Dungeon Crawl Stone Soup version 0.28-a0-595-g9f6c0e134a (webtiles) character file.

Game seed: 3789485254107915865

0 meatgazer the Skirmisher (level 1, -3/18 HPs)
             Began as a Demonspawn Abyssal Knight on Oct 4, 2021.
             Was a Follower of Lugonu.
             Slain by a hellwing (13 damage)
             ... on level 1 of the Abyss.
             The game lasted 00:00:15 (113 turns).

meatgazer the Skirmisher (Demonspawn Abyssal Knight) Turns: 113, Time: 00:00:15

Health: -3/18      AC:  3    Str: 13    XL:     1   Next: 0%
Magic:  2/2        EV: 11    Int: 11    God:    Lugonu [*.....]
Gold:   14         SH:  0    Dex: 13    Spells: 0/0 levels left

rFire   . . .      SeeInvis .   a - +1 falchion
rCold   . . .      Faith    .   (no shield)
rNeg    . . .      Spirit   .   b - +0 leather armour
rPois   .          Reflect  .   (no helmet)
rElec   .          Harm     .   (no cloak)
rCorr   .          Rampage  .   (no gloves)
Will    .....                   (no boots)
Stlth   +.........              (no amulet)
HPRegen 0.06/turn               (no ring)
MPRegen 0.08/turn               (no ring)

@: no status effects
A: low mp 1
a: Renounce Religion, Depart the Abyss


You were on level 1 of the Abyss.
You worshipped Lugonu.
Lugonu was aware of your devotion.
You visited 0 branches of the dungeon, and saw 0 of its levels.
You visited the Abyss 1 time.

You collected 14 gold pieces.

Inventory:

Hand Weapons
 a - a +1 falchion (weapon)
Armour
 b - a +0 leather armour (worn)
Potions
 c - a potion of lignification {unknown}
 d - a potion of cancellation {unknown}


   Skills:
 + Level 3.0 Fighting
 + Level 1.7 Long Blades
 + Level 1.7 Armour
 + Level 0.8 Dodging
 + Level 2.4 Invocations


You couldn't memorise any spells.
You didn't know any spells.
Your spell library was empty.

Dungeon Overview and Level Annotations

Branches:
Dungeon (0/15)

Altars:


Innate Abilities, Weirdness & Mutations

Your magical capacity is low. (-10% MP)


Message History

Welcome, meatgazer the Demonspawn Abyssal Knight.
It is said that the Orb of Zot exists deep within this dungeon.
Lugonu says: Depart the Abyss and spread corruption, my servant! (use the ability menu to exit the Abyss) Press ? for a list of commands and other information.
Found a corrupted altar of Lugonu.
Found a gateway leading out of the Abyss.
There is a gateway leading out of the Abyss here.
c - a glowing coppery potion You now have 14 gold pieces.
Unknown command.
d - a bubbling dark potion A starcursed mass materialises.
A starcursed mass splits.
A starcursed mass splits.
A neqoxec comes into view.
The neqoxec shouts!
The neqoxec gestures at you.
Strange energies course through your body.
You feel less energetic.
A tentacled starspawn comes into view.
A tentacled starspawn comes into view.
A tentacle flies out from the starspawn's body!
A starspawn tentacle comes into view.
A starspawn tentacle comes into view.
The starspawn tentacle grabs you. The starspawn tentacle constricts you.
You escape the starspawn tentacle's grasp.
A tentacle flies out from the starspawn's body!
A starspawn tentacle comes into view.
A starspawn tentacle comes into view.
A hellwing comes into view.
The starspawn tentacle grabs you. The starspawn tentacle constricts you.
The starspawn tentacle's grasp on you weakens, but your attempt to escape fails.
The starspawn tentacle constricts you.
You escape the starspawn tentacle's grasp.
Found 18 poisoned darts.
The hellwing closely misses you. x2
The hellwing hits you!
Ouch! That really hurt!
You die...

. .# .. #. . #.
..# .. ## .# #..#
... .#. #....
(...###.##.....
#.#...#@..## .
... #..4..# #
.....###.##..# X
.
#.#...#.###.##X#.
#. │......###?#
.###│.....# ##.
....│#X##....# #
.....X3..#.#.#.#
.##..#..##.###.#
#


You could see a hellwing.

Vanquished Creatures (others)
  4 starspawn tentacles (Abyss:1)
4 creatures vanquished.

Notes
Turn   | Place    | Note
-------+----------+-------------------------------------------
     0 | Abyss:1  | meatgazer the Demonspawn Abyssal Knight began the quest for
                  | the Orb.
     0 | Abyss:1  | Reached XP level 1. HP: 18/18 MP: 2/2
    94 | Abyss:1  | Noticed a starcursed mass
    97 | Abyss:1  | Noticed a neqoxec
    99 | Abyss:1  | Gained mutation: Your magical capacity is low. (-10% MP) [a
                  | neqoxec]
    99 | Abyss:1  | Noticed a tentacled starspawn
   101 | Abyss:1  | Noticed a tentacled starspawn
   109 | Abyss:1  | Noticed a hellwing
   113 | Abyss:1  | Slain by a hellwing

Illustrated notes

Levels and vault maps discovered:
Abyss:1:  base: Temple, base:
Temple

Action                   || total
-------------------------++-------
Dodge: Dodged            ||     2

Table legend: (Time is in decaauts)
 A = Elapsed time spent in this place.
 B = Non-inter-level travel time spent in this place.
 C = Inter-level travel time spent in this place.
 D = Time resting spent in this place.
 E = Time spent auto-exploring this place.
 F = Levels seen in this place.
 G = Mean time per level.
                   A        B        C        D        E       F      G
               +--------+--------+--------+--------+--------+-----+--------+
         Total |    113 |    113 |      0 |      0 |     91 |   1 |  113.0 |
         Abyss |    113 |    113 |      0 |      0 |     91 |   1 |  113.0 |
               +--------+--------+--------+--------+--------+-----+--------+

Top non-repeatable levels by time:
 Abyss:1: 113 daAuts
